 Dungeon Crawl Stone Soup version 0.23.1 (webtiles) character file.

Game seed: 318529185702920370

5000 Borgoz the Ducker (level 10, -2/80 HPs)
             Began as a Ghoul Enchanter on Mar 5, 2019.
             Was an Initiate of Ashenzari.
             Slain by a scorpion (6 damage)
             ... on level 7 of the Dungeon.
             The game lasted 00:29:17 (12202 turns).

Borgoz the Ducker (Ghoul Enchanter)                Turns: 12202, Time: 00:29:18

Health: -2/80      AC: 10    Str: 17    XL:     10   Next: 54%
Magic:  0/15       EV: 14    Int: 12    God:    Ashenzari [......]
Gold:   673        SH:  0    Dex: 14    Spells: 8/17 levels left

rFire    + + .     SeeInvis .   t - +2 dagger (venom)
rCold    + + .     Gourm    .   (no shield)
rNeg     + + +     Faith    .   u - +2 ring mail {rF+}
rPois    ∞         Spirit   +   e - +2 hat
rElec    .         Reflect  .   A - scarf {rC+ rF+} (curse)
rCorr    .         Harm     .   (no gloves)
MR       .....                  j - +0 pair of boots of Faqamn {Str+4 Dex+4} (curse)
Stlth    +++.......             n - amulet of guardian spirit
HPRegen  0.00/turn              (no ring)
MPRegen  0.14/turn              (no ring)

@: rotting, studying Invocations
A: rotting body, claws 1, carnivore, cold resistance 1, negative energy
resistance 3, inhibited regeneration, torment resistance, unbreathing
a: Curse Item, Renounce Religion


You were on level 7 of the Dungeon.
You worshipped Ashenzari.
Ashenzari was noncommittal.
You were not hungry.

You visited 2 branches of the dungeon, and saw 10 of its levels.
You also visited: Sewer.

You collected 673 gold pieces.

Inventory:

Hand Weapons
 t - a +2 dagger of venom (weapon)
Missiles
 l - 27 poisoned needles
 C - 9 tomahawks (quivered)
Armour
 e - a +2 hat (worn)
 j - the cursed +0 pair of boots of Faqamn (worn) {Str+4 Dex+4}
   (You found it on level 5 of the Dungeon)

   It affects your strength (+4).
   It affects your dexterity (+4).
   It has a curse placed upon it.
 u - a +2 ring mail of fire resistance (worn)
 w - the +2 ring mail "Jinube" {*Contam Str+6}
   (You found it on level 6 of the Dungeon)

   It affects your strength (+6).
   It causes magical contamination when unequipped.
 A - a cursed scarf of resistance (worn)
Jewellery
 n - an amulet of guardian spirit (around neck)
Wands
 p - a wand of scattershot (3)
 q - a wand of disintegration (9)
Scrolls
 a - 3 scrolls of identify
 c - 4 scrolls of blinking
 g - 5 scrolls of amnesia
 k - 2 scrolls of remove curse
 o - 3 scrolls of teleportation
 r - a scroll of fear
 y - a scroll of fog
 B - a scroll of enchant weapon
Potions
 h - a potion of curing
 m - a potion of resistance
 s - a potion of cancellation
Books
 E - a manual of Invocations
Comestibles
 d - 16 rations


   Skills:
 + Level 4.4 Fighting
 * Level 6.4 Short Blades
 + Level 3.6 Armour
 * Level 6.6 Dodging
 + Level 6.5 Stealth
 + Level 4.3 Spellcasting
 * Level 6.2 Hexes
 + Level 3.8 Invocations


You had 8 spell levels left.
You knew the following spells:

 Your Spells              Type           Power        Failure   Level  Hunger
a - Corona                Hex            ###....      3%          1    None
b - Ensorcelled Hibernat  Hex/Ice        ##....       16%         2    ##.....
c - Confuse               Hex            ###.....     9%          3    ###....
d - Mephitic Cloud        Conj/Pois/Air  #.......     75%         3    ###....

Your spell library contained the following spells:

 Spells                   Type           Power        Failure   Level  Hunger
 Tukima's Dance           Hex            ###.....     9%          3    ###....
 Dazzling Spray           Conj/Hex       ##....       32%         3    ###....
 Animate Skeleton         Necr           N/A          36%         1    None
 Pain                     Necr           #...         36%         1    None
 Sting                    Conj/Pois      #...         36%         1    None
 Poisonous Vapours        Pois/Air       #.....       52%         2    ##.....
 Regeneration             Chrm/Necr      #.........   75%         3    ###....
 Vampiric Draining        Necr           #.........   75%         3    ###....
 Animate Dead             Necr           N/A          98%         4    ####...
 Olgreb's Toxic Radiance  Pois           #.......     98%         4    ####...
 Venom Bolt               Conj/Pois      #.........   100%        5    ######.


Dungeon Overview and Level Annotations

Branches:
Dungeon (9/15)             Temple (1/1) D:7
   Lair: D:8-11         Orc: D:9-12

Altars:
Ashenzari
Cheibriados
Dithmenos
Elyvilon
Fedhas
Gozag
Hepliaklqana
Kikubaaqudgha
Makhleb
Nemelex Xobeh
Okawaru
Qazlal
Ru
Sif Muna
Trog
Uskayaw
Vehumet
Wu Jian
Xom
Yredelemnul
Zin
The Shining One


Innate Abilities, Weirdness & Mutations

Your body is rotting away.
You thrive on raw meat.
You are immune to poison.
You have sharp fingernails.
You are carnivorous and can eat meat at any time.
Your flesh is cold resistant. (rC+)
You are immune to negative energy. (rN+++)
You do not regenerate when monsters are visible.
You are immune to unholy pain and torment.
You can survive without breathing.


Message History

You climb upwards.
There is a stone staircase leading down here.
Things that are here:
a +0 chain mail; a +0 hand axe You see here a +0 hand axe.
Casting: Ensorcelled Hibernation (safe; 16% risk of failure)
Confirm with . or Enter, or press ? or * to list all spells.
Aiming: Ensorcelled Hibernation (safe; 16% risk of failure)
Press: ? - help, Shift-Dir - straight line, f - scorpion
Aim: a scorpion (chance to defeat MR: 41%)
The scorpion resists with some effort.
The scorpion stings you.
* * * LOW HITPOINT WARNING * * *
Okay, then.
Casting: Ensorcelled Hibernation (safe; 16% risk of failure)
Confirm with . or Enter, or press ? or * to list all spells.
Aiming: Ensorcelled Hibernation (safe; 16% risk of failure)
Press: ? - help, Shift-Dir - straight line, f/p - scorpion
Aim: a scorpion (chance to defeat MR: 41%)
The scorpion resists with some effort.
The scorpion stings you.
You die...

#.#####......# #)...###.#########
#............###[#### #.# #
#####.##.._...##[######.#########
#.................#..........
####.....##...###.###########
########...# #.# # #.=.# #.# ###
##.## #.# ######[) #@#
#.####......# #s# #......######
#.################
#.................
##################


You could see a scorpion.

Vanquished Creatures
  Grinder (D:6)
  2 hornets (D:9)
  A hippogriff (D:9)
  A wraith (D:7)
  5 yaks
  A soldier ant (D:9)
  4 orc warriors
  2 phantoms
  2 sky beasts (D:5)
  2 black bears
  An ogre (D:8)
  A necrophage (D:8)
  2 centaurs (D:6)
  3 bullfrogs
  A gnoll sergeant (D:9)
  2 scorpions
  7 killer bees (D:8)
  A crimson imp (D:5)
  A howler monkey (D:3)
  2 bullfrog zombies
  2 jellies (D:6)
  5 hounds
  5 orc priests
  4 orc wizards
  A gnoll shaman (D:8)
  An iguana (D:5)
  6 worker ants
  Terence (D:3)
  A worker ant zombie (D:9)
  Robin (D:3)
  14 adders
  9 gnolls
  2 howler monkey skeletons
  2 river rats (Sewer)
  3 shadow imps
  An ooze (D:6)
  An adder zombie (D:5)
  2 adder skeletons
  6 worms
  2 dart slugs
  3 leopard geckos
  51 orcs
  8 bats
  7 giant cockroaches
  13 goblins
  7 hobgoblins
  7 jackals
  9 kobolds
  6 quokkas
  6 ball pythons
  12 frilled lizards
  A leopard gecko skeleton (D:7)
  17 rats
258 creatures vanquished.

Vanquished Creatures (others)
  An orc (D:8)
1 creature vanquished.

Grand Total: 259 creatures vanquished

Notes
Turn   | Place    | Note
-------+----------+-------------------------------------------
     0 | D:1      | Borgoz the Ghoul Enchanter began the quest for the Orb.
     0 | D:1      | Reached XP level 1. HP: 14/14 MP: 2/2
   198 | D:1      | Reached skill level 1 in Short Blades
   398 | D:1      | Reached XP level 2. HP: 20/20 MP: 3/3
   417 | D:1      | Learned a level 2 spell: Ensorcelled Hibernation
  1221 | D:1      | Reached XP level 3. HP: 15/26 MP: 4/4
  1563 | D:2      | Found a white marble altar of Elyvilon.
  1634 | D:2      | Found an opulent altar of Gozag.
  2067 | D:2      | Reached XP level 4. HP: 32/33 MP: 1/6
  2078 | D:2      | Learned a level 3 spell: Confuse
  2946 | D:3      | Noticed Robin
  2974 | D:3      | Reached XP level 5. HP: 17/38 MP: 2/7
  2975 | D:3      | HP: 1/38 [Robin/+0 trident (7)]
  3442 | D:3      | HP: 1/38 [Robin/+0 trident (6)]
  3740 | D:3      | Killed Robin
  4033 | D:3      | Noticed Terence
  4249 | D:3      | Killed Terence
  4504 | D:4      | Reached XP level 6. HP: 22/43 MP: 0/8
  4784 | D:3      | Found a burning altar of Makhleb.
  5487 | D:4      | Found a stormy altar of Qazlal.
  5521 | D:4      | HP: 2/45 [something/magic dart (5)]
  5552 | D:5      | Entered Level 5 of the Dungeon
  5552 | D:5      | Noticed a sky beast
  5692 | D:5      | Got a pair of brightly glowing boots
  5720 | D:5      | Identified the cursed +0 pair of boots of Faqamn {Str+4
                  | Dex+4} (You found it on level 5 of the Dungeon)
  5797 | D:5      | Found an ancient bone altar of Kikubaaqudgha.
  5797 | D:5      | Found a faded altar of an unknown god.
  5802 | D:5      | Found a faded altar of an unknown god.
  5804 | D:5      | Found a hazy altar of Hepliaklqana.
  5805 | D:5      | Found an iron altar of Okawaru.
  5848 | D:5      | Found a glowing drain.
  5876 | Sewer    | Entered a sewer
  6355 | D:5      | Killed a sky beast
  6355 | D:5      | Reached XP level 7. HP: 36/51 MP: 3/9
  6469 | D:5      | Reached skill level 1 in Fighting
  6806 | D:5      | Reached skill level 1 in Armour
  7061 | D:4      | Reached XP level 8. HP: 48/59 MP: 9/11
  7133 | D:4      | Found a blossoming altar of Fedhas.
  7612 | D:6      | Got a faintly humming ring mail
  7628 | D:6      | Identified the +2 ring mail "Jinube" {*Contam Str+6} (You
                  | found it on level 6 of the Dungeon)
  7885 | D:6      | Reached skill level 5 in Stealth
  7927 | D:6      | Noticed Grinder
  7960 | D:6      | Paralysed by Grinder for 4 turns
  7971 | D:6      | Killed Grinder
  8381 | D:6      | Reached skill level 5 in Dodging
  8740 | D:7      | Reached XP level 9. HP: 30/67 MP: 2/13
  9006 | D:7      | Reached skill level 5 in Hexes
  9071 | D:7      | Found a sacrificial altar of Ru.
  9111 | D:7      | Reached skill level 5 in Short Blades
  9423 | D:7      | Learned a level 3 spell: Mephitic Cloud
  9969 | D:7      | Found a staircase to the Ecumenical Temple.
  9977 | Temple   | Entered the Ecumenical Temple
 10175 | Temple   | Became a worshipper of Ashenzari the Shackled
 10306 | D:8      | Reached skill level 1 in Invocations
 10697 | D:8      | Reached XP level 10. HP: 63/78 MP: 9/14
 11706 | D:8      | Found a shadowy altar of Dithmenos.
 12191 | D:7      | HP: 4/80 [scorpion (3)]
 12202 | D:7      | Slain by a scorpion

Skill      XL: |  1  2  3  4  5  6  7  8  9 10 |
---------------+-------------------------------+-----
Short Blades   | 1 2 3 4 5 6 |  6.4
Dodging        | 2 3 4 5 6 |  6.6
Spellcasting   | 2 3 4 |  4.3
Hexes          | 3 4 5 6 |  6.2
Stealth        | 4 5 6 |  6.5
Fighting       | 1 2 3 4 |  4.4
Armour         | 1 2 3 |  3.6
Invocations    | 2 3 |  3.8

Action                   |  1- 3 |  4- 6 |  7- 9 | 10-12 || total
-------------------------+-------+-------+-------+-------++-------
Melee: Dagger            |   130 |   416 |   381 |   233 ||  1160
 Cast: Ensorcelled Hiber |     6 |    30 |    19 |    17 ||    72
       Confuse           |       |     3 |     9 |     2 ||    14
       Corona            |       |     1 |     2 |       ||     3
Invok: Curse Item        |       |       |     1 |       ||     1
  Use: Potion            |     2 |     5 |     5 |     3 ||    15
       Scroll            |     3 |     8 |     4 |     2 ||    17
 Stab: Sleeping          |    11 |    23 |    19 |    10 ||    63
       Confused          |       |       |     3 |     1 ||     4
       Distracted        |       |       |     1 |     1 ||     2
  Eat: Chunk             |     5 |    26 |    22 |     8 ||    61
Armor: Robe              |    30 |    69 |    36 |    25 ||   160
       Ring mail         |       |       |     9 |    24 ||    33
Dodge: Dodged            |    66 |   293 |   196 |   174 ||   729
